General information
- name: BNet
- type: Ladder team game (AT/RT)
- host: Battle.net
- saver: BlueLips
map: Cherryville
- players: 8
- length: 46:59
- speed: Fast
- version: 1.26 W3XP
- replay type: Public
» download(234 KB)
Players
team 1 (loser)
sw01 (
red | 58 APM | 1468 actions | 25:19)
6 Death Knight
3 Death Coil
2 Unholy Aura
1 Animate Dead
4 Lich
2 Frost Nova
2 Frost Armor
» actions
| Assign group hotkey | 27 | |
| Basic commands | 25 | |
| Build / train | 66 | |
| Enter build submenu | 20 | |
| Enter hero's abilities submenu | 8 | |
| Remove unit from queue | 1 | |
| Right click | 615 | |
| Select / deselect | 265 | |
| Select group hotkey | 360 | |
| Use ability | 79 | |
1468 total
» units
| Acolyte | 8 | |
| Ghoul | 7 | |
| Crypt Fiend | 8 | |
| Obsidian Statue | 3 | |
| Frost Wyrm | 6 | |
32 total
» upgrades
| Creature Attack | 3 | |
| Creature Carapace | 3 | |
| Web | 1 | |
7 total
» buildings
| Graveyard | 1 | |
| Crypt | 1 | |
| Ziggurat | 10 | |
| Altar of Darkness | 1 | |
| Tomb of Relics | 1 | |
| Halls of the Dead | 1 | |
| Slaughterhouse | 1 | |
| Black Citadel | 1 | |
| Sacrificial Pit | 1 | |
| Boneyard | 2 | |
| Spirit Tower | 2 | |
22 total
» build order
00:11 Graveyard
00:13 Crypt
00:39 Ziggurat
00:57 Altar of Darkness
01:32 Ziggurat
01:45 Tomb of Relics
04:03 Halls of the Dead
04:06 Ziggurat
05:03 Ziggurat
06:54 Ziggurat
07:45 Slaughterhouse
10:38 Black Citadel
10:42 Sacrificial Pit
10:48 Ziggurat
10:51 Ziggurat
10:54 Ziggurat
10:55 Ziggurat
10:57 Ziggurat
13:38 Boneyard
13:39 Boneyard
17:46 Spirit Tower
18:07 Spirit Tower
» items
| Rod of Necromancy | 1 | |
| Scroll of Town Portal | 3 | |
| Orb of Corruption | 1 | |
| Scroll of Healing | 3 | |
| Potion of Lesser Invulnerability | 1 | |
9 total
TheCossacks (
yellow | 88 APM | 4140 actions | 46:58)
9 Blood Mage
3 Flame Strike
3 Siphon Mana
1 Summon Phoenix
2 Banish
1 Death Knight
1 Unholy Aura
» actions
| Assign group hotkey | 45 | |
| Basic commands | 163 | |
| Build / train | 268 | |
| ESC pressed | 5 | |
| Enter build submenu | 109 | |
| Enter hero's abilities submenu | 10 | |
| Give item / drop item | 10 | |
| Right click | 1535 | |
| Select / deselect | 671 | |
| Select group hotkey | 1061 | |
| Use ability | 263 | |
4140 total
» units
| Peasant | 30 | |
| Footman | 12 | |
| Goblin Shredder | 3 | |
| Dragonhawk Rider | 9 | |
| Gryphon Rider | 6 | |
| Goblin Sapper | 1 | |
| Sorceress | 1 | |
| Acolyte | 1 | |
| Mortar Team | 1 | |
| Ghoul | 3 | |
| Frost Wyrm | 1 | |
68 total
» upgrades
| Defend | 1 | |
| Swords | 3 | |
| Masonry | 3 | |
| Armor | 3 | |
| Animal War Training | 1 | |
| Storm Hammers | 1 | |
| Cloud | 1 | |
| Lumber Harvesting | 1 | |
| Flak Cannons | 1 | |
| Flying Machine Bombs | 1 | |
| Sorceress Training | 2 | |
| Magic Sentry | 1 | |
| Barrage | 1 | |
| Fragmentation Shards | 1 | |
| Flare | 1 | |
| Backpack | 1 | |
| Unholy Armor | 1 | |
24 total
» buildings
| Altar of Kings | 1 | |
| Farm | 13 | |
| Barracks | 1 | |
| Arcane Vault | 1 | |
| Town Hall | 3 | |
| Scout Tower | 57 | |
| Arcane Tower | 9 | |
| Blacksmith | 1 | |
| Lumber Mill | 1 | |
| Keep | 2 | |
| Guard Tower | 71 | |
| Castle | 4 | |
| Gryphon Aviary | 4 | |
| Workshop | 3 | |
| Arcane Sanctum | 1 | |
| Spirit Tower | 17 | |
| Necropolis | 2 | |
| Graveyard | 1 | |
| Ziggurat | 11 | |
| Halls of the Dead | 4 | |
| Tomb of Relics | 2 | |
| Crypt | 1 | |
| Altar of Darkness | 1 | |
| Sacrificial Pit | 1 | |
| Nerubian Tower | 7 | |
| Black Citadel | 4 | |
| Boneyard | 3 | |
226 total
» build order
00:04 Altar of Kings
00:08 Farm
00:11 Barracks
00:54 Farm
01:44 Farm
03:29 Arcane Vault
03:33 Town Hall
04:53 Farm
05:00 Scout Tower
05:19 Scout Tower
05:36 Arcane Tower
05:54 Arcane Tower
05:54 Arcane Tower
06:58 Blacksmith
07:03 Farm
07:06 Lumber Mill
07:16 Scout Tower
07:18 Scout Tower
07:32 Keep
07:41 Scout Tower
07:45 Scout Tower
08:40 Guard Tower
08:41 Guard Tower
08:42 Guard Tower
09:53 Castle
09:53 Castle
09:56 Scout Tower
10:00 Gryphon Aviary
10:03 Gryphon Aviary
10:06 Farm
10:58 Guard Tower
10:59 Guard Tower
12:06 Scout Tower
12:08 Scout Tower
12:43 Scout Tower
12:46 Scout Tower
12:47 Scout Tower
12:47 Scout Tower
12:48 Scout Tower
12:49 Scout Tower
12:50 Scout Tower
13:25 Guard Tower
13:25 Guard Tower
13:26 Guard Tower
13:29 Guard Tower
13:29 Guard Tower
14:09 Farm
14:10 Farm
14:11 Farm
14:19 Farm
18:08 Farm
18:09 Farm
18:10 Farm
18:25 Scout Tower
18:25 Scout Tower
18:26 Scout Tower
18:26 Scout Tower
18:27 Scout Tower
18:28 Scout Tower
18:54 Guard Tower
18:54 Guard Tower
18:55 Scout Tower
18:57 Scout Tower
18:57 Scout Tower
18:58 Scout Tower
19:01 Guard Tower
19:02 Guard Tower
19:33 Guard Tower
19:46 Guard Tower
19:47 Scout Tower
19:49 Scout Tower
19:51 Scout Tower
19:53 Scout Tower
20:17 Scout Tower
20:19 Scout Tower
20:20 Guard Tower
20:20 Guard Tower
20:20 Guard Tower
20:23 Guard Tower
20:24 Guard Tower
20:48 Guard Tower
20:48 Guard Tower
20:49 Scout Tower
21:14 Guard Tower
21:14 Guard Tower
21:59 Guard Tower
21:59 Guard Tower
22:24 Workshop
22:26 Workshop
22:28 Workshop
22:32 Arcane Sanctum
22:52 Scout Tower
22:53 Scout Tower
22:57 Scout Tower
22:58 Scout Tower
23:46 Town Hall
23:48 Scout Tower
23:50 Scout Tower
23:52 Scout Tower
23:54 Scout Tower
23:56 Scout Tower
23:57 Scout Tower
23:59 Scout Tower
24:01 Scout Tower
24:25 Guard Tower
24:25 Guard Tower
24:25 Guard Tower
24:53 Guard Tower
24:53 Guard Tower
24:54 Guard Tower
24:57 Scout Tower
24:59 Scout Tower
25:00 Guard Tower
25:00 Guard Tower
25:26 Guard Tower
25:26 Guard Tower
25:27 Guard Tower
25:27 Guard Tower
25:32 Scout Tower
25:33 Scout Tower
25:34 Scout Tower
25:37 Scout Tower
26:01 Guard Tower
26:01 Guard Tower
26:02 Guard Tower
26:08 Guard Tower
26:22 Spirit Tower
26:22 Spirit Tower
26:22 Spirit Tower
26:26 Spirit Tower
26:26 Spirit Tower
26:27 Spirit Tower
27:04 Necropolis
28:17 Guard Tower
28:26 Graveyard
28:27 Ziggurat
28:28 Ziggurat
28:29 Ziggurat
28:30 Ziggurat
28:41 Gryphon Aviary
28:44 Gryphon Aviary
29:52 Spirit Tower
29:52 Spirit Tower
29:52 Spirit Tower
29:54 Ziggurat
32:16 Scout Tower
32:17 Scout Tower
32:48 Guard Tower
32:49 Arcane Tower
32:50 Arcane Tower
32:51 Scout Tower
32:54 Scout Tower
32:58 Scout Tower
33:00 Scout Tower
34:40 Arcane Tower
34:57 Guard Tower
35:11 Guard Tower
35:29 Guard Tower
39:13 Halls of the Dead
39:13 Halls of the Dead
39:16 Tomb of Relics
39:18 Crypt
41:37 Altar of Darkness
41:39 Sacrificial Pit
41:43 Spirit Tower
41:46 Ziggurat
41:49 Ziggurat
42:21 Tomb of Relics
42:23 Ziggurat
42:39 Nerubian Tower
42:40 Nerubian Tower
42:41 Nerubian Tower
42:41 Nerubian Tower
42:41 Black Citadel
42:42 Black Citadel
42:42 Black Citadel
43:17 Ziggurat
44:32 Necropolis
44:34 Ziggurat
44:37 Ziggurat
45:21 Boneyard
45:24 Boneyard
45:25 Boneyard
45:30 Nerubian Tower
45:30 Nerubian Tower
45:32 Spirit Tower
45:32 Spirit Tower
46:53 Town Hall
» items
| Scroll of Regeneration | 9 | |
| Boots of Speed | 1 | |
| Staff of Teleportation | 2 | |
| Scroll of Town Portal | 6 | |
| Lesser Clarity Potion | 5 | |
| Potion of Mana | 4 | |
| Potion of Invisibility | 2 | |
| Potion of Healing | 2 | |
31 total
tbashmon04 (
green | 29 APM | 726 actions | 25:18)
5 Death Knight
2 Death Coil
3 Unholy Aura
» actions
| Build / train | 78 | |
| Enter build submenu | 20 | |
| Enter hero's abilities submenu | 5 | |
| Right click | 347 | |
| Select / deselect | 232 | |
| Use ability | 44 | |
726 total
» units
| Acolyte | 7 | |
| Ghoul | 7 | |
| Crypt Fiend | 8 | |
| Frost Wyrm | 11 | |
| Abomination | 4 | |
| Gargoyle | 9 | |
46 total
» upgrades
| Creature Attack | 3 | |
| Ghoul Frenzy | 1 | |
| Creature Carapace | 2 | |
| Freezing Breath | 1 | |
| Unholy Strength | 1 | |
| Unholy Armor | 1 | |
| Web | 1 | |
| Disease Cloud | 1 | |
11 total
» buildings
| Ziggurat | 9 | |
| Crypt | 1 | |
| Altar of Darkness | 1 | |
| Halls of the Dead | 1 | |
| Graveyard | 1 | |
| Spirit Tower | 6 | |
| Nerubian Tower | 3 | |
| Black Citadel | 1 | |
| Sacrificial Pit | 1 | |
| Tomb of Relics | 1 | |
| Boneyard | 2 | |
| Slaughterhouse | 1 | |
28 total
» build order
00:13 Ziggurat
00:17 Crypt
00:40 Altar of Darkness
01:07 Ziggurat
03:08 Halls of the Dead
03:39 Graveyard
05:12 Ziggurat
05:17 Spirit Tower
05:38 Nerubian Tower
06:12 Spirit Tower
06:14 Black Citadel
06:42 Sacrificial Pit
07:05 Ziggurat
07:10 Ziggurat
07:17 Ziggurat
07:44 Tomb of Relics
07:57 Ziggurat
08:09 Spirit Tower
08:12 Nerubian Tower
08:14 Spirit Tower
08:18 Ziggurat
08:52 Boneyard
09:00 Boneyard
09:08 Ziggurat
09:39 Spirit Tower
11:29 Spirit Tower
11:30 Nerubian Tower
15:12 Slaughterhouse
» items
w3kissmyass (
blue | 31 APM | 670 actions | 21:52)
1 Archmage
1 Brilliance Aura
1 Paladin
1 Devotion Aura
» actions
| Assign group hotkey | 15 | |
| Basic commands | 28 | |
| Build / train | 65 | |
| Enter build submenu | 22 | |
| Enter hero's abilities submenu | 2 | |
| Remove unit from queue | 1 | |
| Right click | 231 | |
| Select / deselect | 226 | |
| Select group hotkey | 55 | |
| Use ability | 25 | |
670 total
» units
| Peasant | 18 | |
| Mortar Team | 4 | |
| Siege Engine | 12 | |
| Goblin Zeppelin | 1 | |
| Goblin Shredder | 1 | |
36 total
» upgrades
| Masonry | 3 | |
| Gunpowder | 1 | |
| Lumber Harvesting | 2 | |
| Plating | 1 | |
| Fragmentation Shards | 1 | |
| Flare | 1 | |
| Barrage | 1 | |
10 total
» buildings
| Farm | 5 | |
| Altar of Kings | 1 | |
| Lumber Mill | 3 | |
| Keep | 1 | |
| Arcane Vault | 1 | |
| Blacksmith | 1 | |
| Scout Tower | 5 | |
| Guard Tower | 6 | |
| Castle | 1 | |
| Workshop | 4 | |
28 total
» build order
01:39 Farm
01:54 Altar of Kings
02:11 Lumber Mill
02:22 Farm
02:29 Farm
02:42 Farm
03:16 Farm
03:50 Keep
03:58 Arcane Vault
04:12 Blacksmith
04:30 Scout Tower
04:47 Lumber Mill
05:03 Scout Tower
05:07 Guard Tower
05:27 Guard Tower
06:07 Scout Tower
06:15 Castle
07:03 Workshop
07:11 Guard Tower
07:16 Guard Tower
07:22 Scout Tower
07:33 Workshop
07:50 Workshop
07:58 Guard Tower
08:19 Scout Tower
09:03 Guard Tower
09:12 Lumber Mill
14:15 Workshop
» items
team 2 (winner)
13loodTrauma (
purple | 43 APM | 1869 actions | 43:39)
9 Death Knight
3 Death Coil
3 Unholy Aura
1 Animate Dead
2 Death Pact
5 Lich
2 Frost Nova
3 Frost Armor
» actions
| Assign group hotkey | 43 | |
| Basic commands | 3 | |
| Build / train | 79 | |
| ESC pressed | 17 | |
| Enter build submenu | 42 | |
| Enter hero's abilities submenu | 14 | |
| Give item / drop item | 3 | |
| Right click | 692 | |
| Select / deselect | 348 | |
| Select group hotkey | 510 | |
| Use ability | 118 | |
1869 total
» units
| Acolyte | 15 | |
| Ghoul | 4 | |
| Crypt Fiend | 6 | |
| Frost Wyrm | 15 | |
40 total
» upgrades
| Creature Attack | 3 | |
| Creature Carapace | 6 | |
| Web | 1 | |
| Burrow | 1 | |
| Freezing Breath | 1 | |
12 total
» buildings
| Crypt | 1 | |
| Graveyard | 1 | |
| Ziggurat | 16 | |
| Altar of Darkness | 1 | |
| Tomb of Relics | 1 | |
| Halls of the Dead | 2 | |
| Black Citadel | 1 | |
| Necropolis | 3 | |
| Sacrificial Pit | 1 | |
| Boneyard | 6 | |
33 total
» build order
00:24 Crypt
00:37 Graveyard
00:45 Ziggurat
01:06 Altar of Darkness
01:17 Ziggurat
02:05 Tomb of Relics
03:04 Ziggurat
06:21 Halls of the Dead
06:22 Halls of the Dead
08:44 Black Citadel
08:47 Necropolis
10:07 Sacrificial Pit
10:11 Ziggurat
10:16 Ziggurat
10:20 Ziggurat
10:23 Ziggurat
10:29 Ziggurat
10:31 Ziggurat
10:34 Ziggurat
11:13 Boneyard
11:18 Boneyard
11:34 Boneyard
26:54 Ziggurat
26:56 Ziggurat
27:00 Necropolis
27:52 Boneyard
27:57 Boneyard
28:01 Boneyard
28:08 Ziggurat
30:16 Necropolis
30:19 Ziggurat
30:22 Ziggurat
30:23 Ziggurat
» items
| Rod of Necromancy | 2 | |
| Scroll of Town Portal | 1 | |
| Orb of Corruption | 1 | |
| Potion of Healing | 1 | |
| Potion of Mana | 1 | |
6 total
BlueLips (
orange | 61 APM | 2871 actions | 46:59)
9 Blademaster
3 Wind Walk
3 Critical Strike
1 Bladestorm
2 Mirror Image
» actions
| Assign group hotkey | 138 | |
| Basic commands | 235 | |
| Build / train | 87 | |
| Enter build submenu | 47 | |
| Enter hero's abilities submenu | 9 | |
| Give item / drop item | 10 | |
| Remove unit from queue | 4 | |
| Right click | 1022 | |
| Select / deselect | 575 | |
| Select group hotkey | 439 | |
| Use ability | 305 | |
2871 total
» units
| Peon | 9 | |
| Grunt | 4 | |
| Goblin Shredder | 2 | |
| Troll Batrider | 11 | |
| Wind Rider | 4 | |
| Goblin Sapper | 5 | |
35 total
» upgrades
| Ranged Weapons | 3 | |
| Armor | 3 | |
| Troll Regeneration | 1 | |
| Reinforced Defenses | 1 | |
| Envenomed Spears | 1 | |
| Liquid Fire | 1 | |
| Ensnare | 1 | |
| Pillage | 1 | |
| Spiked Barricades | 1 | |
| Melee Weapons | 1 | |
| War Drums Damage Increase | 1 | |
| Burning Oil | 1 | |
| Berserker Upgrade | 1 | |
| Berserker Strength | 1 | |
18 total
» buildings
| Orc Burrow | 7 | |
| Altar of Storms | 1 | |
| Barracks | 2 | |
| Voodoo Lounge | 1 | |
| Stronghold | 1 | |
| War Mill | 2 | |
| Great Hall | 2 | |
| Watch Tower | 25 | |
| Beastiary | 8 | |
| Fortress | 1 | |
50 total
» build order
00:14 Orc Burrow
00:36 Altar of Storms
01:02 Barracks
01:24 Orc Burrow
01:43 Voodoo Lounge
02:59 Stronghold
03:38 Orc Burrow
04:31 War Mill
05:25 Great Hall
06:06 Watch Tower
06:06 Watch Tower
06:08 Watch Tower
06:10 Watch Tower
08:18 Watch Tower
08:18 Watch Tower
08:18 Watch Tower
08:41 Watch Tower
08:43 Watch Tower
08:44 Watch Tower
10:25 Beastiary
10:26 Beastiary
10:28 Beastiary
11:28 Fortress
12:40 Watch Tower
12:40 Watch Tower
12:41 Watch Tower
12:43 Watch Tower
12:43 Watch Tower
12:43 Watch Tower
13:37 Orc Burrow
14:59 Watch Tower
15:00 Watch Tower
15:03 Watch Tower
15:04 Watch Tower
15:04 Watch Tower
15:15 War Mill
18:34 Orc Burrow
18:46 Watch Tower
18:47 Watch Tower
18:47 Watch Tower
18:47 Watch Tower
18:55 Orc Burrow
24:15 Barracks
24:17 Beastiary
24:18 Beastiary
24:26 Great Hall
28:28 Beastiary
28:31 Beastiary
28:32 Beastiary
29:28 Orc Burrow
» items
| Healing Salve | 5 | |
| Boots of Speed | 1 | |
| Staff of Teleportation | 2 | |
| Potion of Mana | 2 | |
| Orb of Lightning | 1 | |
| Scroll of Town Portal | 2 | |
| Lesser Clarity Potion | 2 | |
| Potion of Healing | 2 | |
| Tiny Great Hall | 1 | |
18 total

»
cheetooobuttsex (
teal | 22 APM | 826 actions | 38:19)
5 Dreadlord
2 Carrion Swarm
1 Sleep
1 Vampiric Aura
1 Inferno
» actions
| Build / train | 76 | |
| Enter build submenu | 23 | |
| Enter hero's abilities submenu | 6 | |
| Remove unit from queue | 2 | |
| Right click | 490 | |
| Select / deselect | 195 | |
| Use ability | 34 | |
826 total
» units
| Acolyte | 2 | |
| Ghoul | 7 | |
| Crypt Fiend | 13 | |
| Necromancer | 1 | |
| Abomination | 2 | |
| Frost Wyrm | 31 | |
56 total
» upgrades
| Unholy Strength | 1 | |
| Cannibalize | 1 | |
| Web | 1 | |
3 total
» buildings
| Altar of Darkness | 1 | |
| Ziggurat | 9 | |
| Crypt | 1 | |
| Graveyard | 1 | |
| Nerubian Tower | 2 | |
| Spirit Tower | 4 | |
| Halls of the Dead | 1 | |
| Slaughterhouse | 1 | |
| Temple of the Damned | 1 | |
| Sacrificial Pit | 1 | |
| Black Citadel | 1 | |
| Boneyard | 2 | |
| Necropolis | 2 | |
27 total
» build order
00:18 Altar of Darkness
00:23 Ziggurat
00:29 Ziggurat
00:59 Crypt
01:40 Graveyard
01:58 Nerubian Tower
02:00 Nerubian Tower
03:06 Ziggurat
04:03 Spirit Tower
04:52 Halls of the Dead
06:59 Ziggurat
07:10 Ziggurat
09:12 Spirit Tower
09:14 Spirit Tower
09:48 Slaughterhouse
09:56 Temple of the Damned
10:10 Sacrificial Pit
10:23 Ziggurat
11:21 Spirit Tower
11:42 Black Citadel
14:54 Boneyard
15:02 Boneyard
20:52 Ziggurat
22:44 Necropolis
24:29 Ziggurat
24:33 Ziggurat
32:30 Necropolis
my_S0N (
pink | 8 APM | 388 actions | 46:58)
1 Archmage
1 Summon Water Elemental
» actions
| Assign group hotkey | 27 | |
| Basic commands | 26 | |
| Build / train | 42 | |
| Enter build submenu | 9 | |
| Enter hero's abilities submenu | 1 | |
| Right click | 65 | |
| Select / deselect | 150 | |
| Select group hotkey | 39 | |
| Use ability | 29 | |
388 total
» units
» buildings
| Farm | 6 | |
| Altar of Kings | 1 | |
| Lumber Mill | 1 | |
8 total
» build order
00:57 Farm
01:12 Altar of Kings
01:38 Farm
01:41 Lumber Mill
02:21 Farm
03:01 Farm
03:49 Farm
04:44 Farm
» items
Chat log
(00:06 / All) BlueLips: blue lips, blue veins
(00:22 / All) BlueLips: blue the color of our planet from far far away
(00:31 / All) TheCossacks: AND HERE WE PRESENT, THE DANCE OF THE COSSACKS
(01:02 / All) 13loodTrauma: i always like'd the whole blue wuffle pussy
(04:04 / Allies) BlueLips: FAGGOT
(04:21 / Allies) my_S0N: bitch
(04:21 / Allies) BlueLips: IT'S GONNA FAIL TOO LOL
(04:37 / Allies) BlueLips: all you did was slow my own expansion
(04:57 / Allies) my_S0N: how about fuck your base soon?
(05:09 / Allies) BlueLips: lol someone's al ittle sensitive!
(05:31 / Allies) BlueLips: \\
(05:37 / All) BlueLips: pink is hte worst player I have ever seen
(05:44 / All) my_S0N: yes iam
(07:25 / Allies) BlueLips: nice one
(07:42 / All) my_S0N: gl winning 3 vs 4 fag
(07:50 / All) TheCossacks: wow
(07:51 / All) TheCossacks: you suck
(07:53 / All) TheCossacks: he wasn't kidding
(08:08 / Allies) BlueLips: I will thanks
(08:28 / Allies) BlueLips: you fail at everything, don't you?
(08:56 / All) TheCossacks: lol
(09:08 / Allies) cheetooobuttsex: k no1 help
(09:16 / Allies) BlueLips: Yeah he just tried to TK me retard
(09:31 / Allies) BlueLips: why would I help his base lol
(09:34 / Allies) cheetooobuttsex: baddies
(10:07 / Allies) BlueLips: get out, scrub lol
(10:25 / Allies) my_S0N: like to see win this game for me fag
(10:32 / All) my_S0N: afk now
(10:40 / Allies) BlueLips: That's waht they all say
(10:43 / All) TheCossacks: killing my shredder lol
(10:49 / All) TheCossacks: with shared control
(10:52 / All) TheCossacks: gj moron
(11:21 / All) BlueLips: pink can't creep a gold mine, or even militia tp an ally
(11:24 / All) BlueLips: fucking pathetic lol
(11:40 / All) TheCossacks: gj idiot, finally take away shared control after failing to backstab me
(12:03 / Allies) 13loodTrauma: we are fucked
(12:58 / Allies) 13loodTrauma: need wood
(13:29 / All) w3kissmyass: '
(13:30 / All) w3kissmyass: '
(13:30 / All) w3kissmyass: '
(13:55 / Allies) BlueLips: hELP IDIOTS
(15:03 / Allies) 13loodTrauma: can i get some wood?
(15:17 / Allies) 13loodTrauma: teal
(15:24 / Allies) cheetooobuttsex: ?
(15:28 / Allies) 13loodTrauma: wood
(16:14 / All) BlueLips: nice
(16:27 / All) 13loodTrauma: rofl
(16:31 / Allies) 13loodTrauma: team kill game
(17:58 / Allies) BlueLips: come or we lose
(18:37 / Allies) BlueLips: let's kill green
(19:59 / All) BlueLips: shouldn't have kept fucking with me bitch
(21:43 / Allies) 13loodTrauma: pink
(21:46 / Allies) 13loodTrauma: give me soem wood>?
(21:52 / Allies) 13loodTrauma: teal wood
(21:52 / Allies) BlueLips: stats him
(21:55 / Allies) BlueLips: he is a bser
(22:08 / Allies) 13loodTrauma: funny
(22:09 / Allies) 13loodTrauma: how
(22:12 / Allies) 13loodTrauma: tehre was 2 team killers
(22:13 / Allies) 13loodTrauma: in a game
(22:21 / Allies) 13loodTrauma: blue left
(22:36 / Allies) 13loodTrauma: teal
(22:40 / Allies) 13loodTrauma: cheetoob
(23:21 / Allies) BlueLips: help
(24:48 / All) BlueLips: keep hitting the most towered base with bats it will work out well for you
(25:25 / Allies) 13loodTrauma: nice team work
(25:56 / Allies) 13loodTrauma: nex base
(25:57 / Allies) 13loodTrauma: red
(26:05 / Allies) 13loodTrauma: first
(29:34 / Allies) 13loodTrauma: attack yellow
(29:49 / Allies) cheetooobuttsex: i fallow kinda afking
(31:21 / All) TheCossacks: is that hero worth every wyrm?
(31:22 / All) TheCossacks: lol
(31:25 / All) TheCossacks: COST EFFECTIVE
(31:56 / Allies) 13loodTrauma: oj
(31:57 / Allies) 13loodTrauma: can i get
(31:58 / Allies) 13loodTrauma: gold pelase
(32:00 / Allies) 13loodTrauma: please
(32:08 / All) BlueLips: Do I look like a bank, motherfucker?
(32:13 / Allies) cheetooobuttsex: out of gold
(32:16 / Allies) 13loodTrauma: you got 6k
(32:18 / Allies) 13loodTrauma: i go 100
(32:21 / Allies) 13loodTrauma: if you wanna win
(32:24 / Allies) 13loodTrauma: you need to help
(32:37 / Allies) BlueLips: Yellow is my help
(32:42 / Allies) 13loodTrauma: dude
(32:46 / All) BlueLips: We've been working in collusion from the start
(33:23 / All) BlueLips: you lose :)
(33:28 / Allies) 13loodTrauma: nice to know i have dick teamates
(33:32 / Allies) BlueLips: :)
(33:39 / Allies) BlueLips: Want a tissue?
(33:56 / Allies) 13loodTrauma: i hope you feel happy
(34:03 / Allies) BlueLips: I feel fabulous!
(34:17 / All) 13loodTrauma: your more garbage than pink
(34:22 / All) TheCossacks: lol
(34:27 / All) BlueLips: Quite the opposite
(34:29 / All) TheCossacks: he was the best player on your team
(34:30 / All) BlueLips: He is a lousy team killer
(34:35 / All) TheCossacks: gj losing every fiend at pink's base
(34:42 / All) 13loodTrauma: look whos fuckent alking
(34:44 / Allies) 13loodTrauma: talking
(34:48 / All) BlueLips: yes
(34:52 / All) BlueLips: I'm a very GOOD team killer
(35:13 / All) BlueLips: Pink is just an amateur, a wannabe
(36:56 / All) BlueLips: well you can run on for a long time, run on for a long time, sooner or later gotta cut you down
(37:00 / All) BlueLips: sooner or later gotta cut you down!
(37:15 / All) TheCossacks: Run on for a long time, run on for a long time, sooner or later God'll cut you down
(37:18 / All) BlueLips: purple made a hall, then left himself without enough gold to haunt a gold mine
(37:23 / All) TheCossacks: lol
(38:25 / All) TheCossacks: You can leave now, purple
(38:32 / All) 13loodTrauma: LOL NIGGER
(38:37 / All) 13loodTrauma: I CAN STAY IF I WANT DICK FUCK
(38:47 / All) TheCossacks: "Dick fuck" did you come up with that one yourself?
(38:47 / All) BlueLips: no, you really gotta leave
(38:49 / All) 13loodTrauma: DONT TELL ME MOTHER FUCKER WHAT TO DO
(38:51 / All) BlueLips: you ain't gotta go home
(38:56 / All) BlueLips: butr you gots to get the hell outta here!
(39:30 / All) 13loodTrauma: if i know oj would of been a fagg i would of team killed his ass and whent for yellow
(39:42 / All) BlueLips: shoulda woulda coulda
(42:21 / All) BlueLips: Purple was retarded, almost cost us the game
(42:36 / All) TheCossacks: I liked when he lost everything at pink's base
(42:45 / All) TheCossacks: and he thinks he's so good
(42:52 / All) BlueLips: Pink didn't like my snide comments
(43:00 / All) BlueLips: he's like "HOW ABOUT I KILL YOUR BASE "
(43:10 / All) TheCossacks: With what? lol
(43:19 / All) BlueLips: he took 5 minutes to build up militia
(43:27 / All) BlueLips: I knew what he was doing
(43:32 / All) BlueLips: crept shreddar anyway
(43:42 / All) BlueLips: absolutely not respect for his abilities
(43:44 / All) TheCossacks: Blue tried to kill my shredder and didn't get it
(43:47 / All) TheCossacks: He then tried to tank me
(43:50 / All) TheCossacks: and they all just died
(43:52 / All) TheCossacks: hit my expo with them
(43:56 / All) BlueLips: why'd he try to kill your shreddar?
(43:56 / All) TheCossacks: didn't kill 1 unit
(43:59 / All) TheCossacks: no idea
(44:01 / All) BlueLips: he thinks it's his because he went tanks?
(44:03 / All) TheCossacks: I creeped it with him
(44:05 / All) TheCossacks: I guess he was mad
(44:14 / All) TheCossacks: I killed his later on after he already attacked me
(44:18 / All) BlueLips: Thse people get upset over retarded reasons
(44:21 / All) TheCossacks: he never said anything, he was a robot
(44:23 / All) BlueLips: they want to play a team format
(44:27 / All) BlueLips: but make no consessions
(44:44 / All) BlueLips: like when I TKed immediately over mask of death from level 3 DK ninja looter
(44:46 / All) BlueLips: that was justified
(44:54 / All) TheCossacks: yeah
(44:57 / All) TheCossacks: mask of death on a dk lol
(44:59 / All) BlueLips: tking over not getting the sheddar isn't
(45:05 / All) BlueLips: and my BM was level 5
(45:29 / All) BlueLips: plus the dumb faggot wouldn't even reply until I started TKing him
(45:35 / All) BlueLips: greedy beady eyed little jew
(45:43 / All) BlueLips: has to have the best items even at the detriment of the team
(46:30 / All) BlueLips: this is last building
(46:35 / All) BlueLips: I forgot purple left
(46:37 / All) TheCossacks: was giving free xp
(46:38 / All) BlueLips: pink is "afk"
(46:52 / All) BlueLips: Well, time for pink to go 1-12
(46:57 / All) BlueLips: no "free win" for him